 Dungeon Crawl Stone Soup version 0.20.1-1-g8b1a95d (webtiles) character file.

24322 Gremour the Fencer (level 12, -14/89 HPs)
             Began as a Demonspawn Fighter on Nov 29, 2017.
             Was an Elder of Qazlal.
             Demolished by a shadow (22 damage)
             ... on level 1 of the Abyss on Dec 1, 2017.
             The game lasted 01:05:27 (14596 turns).

Gremour the Fencer (Demonspawn Fighter)            Turns: 14596, Time: 01:05:27

Health: -14/89     AC:  9    Str: 15    XL:     12   Next: 79%
Magic:  0/12       EV:  8    Int: 10    God:    Qazlal [****..]
Gold:   1007       SH: 24    Dex: 17    Spells: 11/11 levels left

rFire    + . .     SeeInvis .   a - +4 scimitar
rCold    + . .     Gourm    .   c - +0 shield
rNeg     . . .     Faith    .   v - +2 leather armour {rC+}
rPois    +         Spirit   +   (helmet restricted)
rElec    .         Reflect  +   (no cloak)
rCorr    .         Harm     .   H - +0 pair of gloves
MR       +....     Clarity  +   t - +2 pair of boots of Hisefap {+Blink rF+ MR+}
Stlth    +.........             Q - +4 amulet of reflection
Regen    0.3/turn               q - +2 ring of slaying
MPRegen  0.3/turn               J - +2 ring of strength

@: about to teleport, repel missiles
A: horns 2, large bone plates 2, camouflage 1, blurry vision 1, clarity, poison
resistance, robust 1, spiny 1, weak 2, wild magic 1, magic shield, magic
regeneration
a: Upheaval, Elemental Force, Renounce Religion, Evoke Blink


You were on level 1 of the Abyss.
You worshipped Qazlal.
Qazlal was greatly pleased with you.
You were full.

You visited 3 branches of the dungeon, and saw 15 of its levels.
You visited the Abyss 1 time.

You collected 1007 gold pieces.

Inventory:

Hand Weapons
 a - a +4 scimitar (weapon)
 b - a +0 scimitar of flaming
Armour
 c - a +0 shield (worn)
 t - the +2 pair of boots of Hisefap (worn) {+Blink rF+ MR+}
   (You found it on level 4 of the Dungeon)

   It protects you from fire.
   It affects your resistance to hostile enchantments.
   It lets you blink.
 v - a +2 leather armour of cold resistance (worn)
 H - a +0 pair of gloves (worn)
 U - a +0 scale mail of magic resistance
Jewellery
 q - a +2 ring of slaying (left hand)
 w - an uncursed ring of flight
 J - a +2 ring of strength (right hand)
 Q - a +4 amulet of reflection (around neck)
Wands
 i - a wand of polymorph (0/24)
 o - a wand of disintegration (22/24)
 r - a wand of clouds (5/9)
 s - a wand of iceblast (7/15)
 u - a wand of flame (31/48)
 y - a wand of disintegration (13/24)
 D - a wand of paralysis (11/24)
 I - a wand of random effects (38/48)
 R - a wand of iceblast (7/15)
 T - a wand of clouds (7/9)
 V - a wand of lightning (6/15)
Scrolls
 d - 5 scrolls of magic mapping
 e - 2 scrolls of remove curse
 g - 9 scrolls of teleportation
 h - 3 scrolls of recharging
 n - a scroll of summoning
 x - 2 scrolls of fear
 B - 3 scrolls of enchant armour
 M - a scroll of silence
Potions
 j - a potion of berserk rage
 k - 3 potions of haste
 p - 3 potions of resistance
 C - a potion of ambrosia
 K - 3 potions of mutation
 N - a potion of invisibility
 S - 2 potions of might
Miscellaneous
 A - a lamp of fire
 G - a lightning rod (4/4)
Comestibles
 f - 11 bread rations
 l - 21 royal jellies
 m - 5 meat rations


   Skills:
 - Level 3.0 Fighting
 + Level 18.4 Long Blades
 - Level 2.6 Armour
 - Level 2.6 Shields
 + Level 1.2 Evocations


You had 11 spell levels left.
You didn't know any spells.

Dungeon Overview and Level Annotations

Branches:
Dungeon (13/15)            Temple (1/1) D:7            Lair (0/6) D:9
    Orc (1/2) D:12
 Vaults: D:13-14

Altars:
Ashenzari
Cheibriados
Dithmenos
Elyvilon
Fedhas
Gozag
Hepliaklqana
Kikubaaqudgha
Makhleb
Nemelex Xobeh
Okawaru
Qazlal
Ru
Sif Muna
Trog
Uskayaw
Vehumet
Xom
Yredelemnul
Zin
The Shining One

Annotations:
D:12 Erolcha


Innate Abilities, Weirdness & Mutations

You have a pair of horns on your head.
You are mostly covered in large bone plates. (SH +6)
You are partially covered in sharp spines.
When hurt, damage is shared between your health and your magic reserves.
You regenerate magic rapidly.
Your skin changes colour to match your surroundings (Stealth+).
Scrolls take you a little longer to read.
You possess an exceptional clarity of mind.
Your system is resistant to poisons. (rPois)
You are robust. (+10% HP)
You are very weak. (Str -4)
Your spells are a little harder to cast, but a little more powerful.


Message History

You slash the tentacled starspawn!
You destroy the tentacled starspawn!
Qazlal accepts your kill.
The starspawn's tentacles wither and die.
You feel your intelligence returning.
You hear a shout!
You hear a bark!
Deactivating autopickup; reactivate with Ctrl-A.
You slash something!
The shadow strikes at you from the darkness!
* * * LOW HITPOINT WARNING * * *
Reactivating autopickup.
You completely miss the shadow.
The shadow is heavily damaged.
The shadow slips into darkness.
The shadow flickers and vanishes!
Deactivating autopickup; reactivate with Ctrl-A.
You hit something but do no damage. Your headbutt misses something.
You barely miss something.
The shadow strikes at you from the darkness!
You die...

. # #.#
.## ..! #
..# #. .#
#..# ..
... .. ..
.##...##..
##... W#
.# # .. ..
#.#.##.
.#.## #.#
# . ...
###.### #
## #@{x..#
#.#####
###


You could see a small abomination.

Vanquished Creatures
  A tentacled starspawn (Abyss:1)
  Harold (D:10)
  Erica (D:8)
  2 centaur warriors (D:13)
  4 two-headed ogres
  A large abomination (Abyss:1)
  A cyclops (D:13)
  3 ugly things
  2 manticores (D:13)
  A centaur zombie (D:13)
  2 orange demons (D:13)
  2 komodo dragons
  5 trolls
  4 hippogriffs
  2 wyverns
  A wraith (D:13)
  A shadow (D:12)
  17 yaks
  A vampire (D:10)
  2 hungry ghosts
  2 neqoxecs (Abyss:1)
  Menkaure (D:4)
  5 ice beasts
  A swamp drake (D:12)
  A sky beast (D:7)
  8 orc warriors
  A phantom (D:11)
  2 necrophages
  6 centaurs
  9 ogres
  A crocodile (D:10)
  4 big kobolds
  6 bullfrogs
  2 wyvern skeletons
  6 scorpions
  14 killer bees
  9 wights
  An electric eel (D:11)
  2 howler monkeys
  3 bullfrog zombies
  2 crimson imps
  A quasit (D:11)
  2 centaur skeletons (D:5)
  7 hounds
  3 bullfrog skeletons
  11 jellies
  10 orc priests
  11 orc wizards
  6 iguanas
  18 worker ants
  A killer bee zombie (D:10)
  A hound zombie (D:7)
  A hound skeleton (D:5)
  2 worker ant zombies
  A howler monkey skeleton (D:7)
  7 gnolls
  16 adders
  3 shadow imps
  5 oozes (D:8)
  3 worms
  3 dart slugs
  7 leopard geckos
  55 orcs
  A ball python (D:5)
  10 giant cockroaches
  11 hobgoblins
  5 jackals (D:7)
  4 quokkas
  7 bats
  5 frilled lizards
  7 goblins
  A jackal skeleton (D:4)
  A jackal zombie (D:7)
  26 kobolds
  A leopard gecko skeleton (D:8)
  8 rats
401 creatures vanquished.

Vanquished Creatures (others)
  5 starspawn tentacles (Abyss:1)
5 creatures vanquished.

Grand Total: 406 creatures vanquished

Notes
Turn   | Place    | Note
-------+----------+-------------------------------------------
     0 | D:1      | Gremour the Demonspawn Fighter began the quest for the Orb.
     0 | D:1      | Reached XP level 1. HP: 18/18 MP: 1/1
    56 | D:1      | Reached skill level 2 in Long Blades
   424 | D:1      | Gained mutation: You are partially covered in sharp spines. [demonic ancestry]
   424 | D:1      | Reached XP level 2. HP: 24/24 MP: 2/2
   863 | D:1      | Reached skill level 3 in Long Blades
   910 | D:1      | Reached XP level 3. HP: 23/29 MP: 3/3
  1207 | D:2      | Found a faded altar of an unknown god.
  1583 | D:2      | Reached skill level 4 in Long Blades
  1583 | D:2      | Reached XP level 4. HP: 16/35 MP: 4/4
  2478 | D:3      | Gained mutation: You have a pair of small horns on your head. [demonic ancestry]
  2478 | D:3      | Reached XP level 5. HP: 40/41 MP: 5/5
  2663 | D:4      | Got a pair of blackened boots
  2674 | D:4      | Identified the +2 pair of boots of Hisefap {+Blink rF+ MR+} (You found it on level 4 of the Dungeon)
  2682 | D:4      | Reached skill level 5 in Long Blades
  2701 | D:4      | Noticed an ogre
  2715 | D:4      | Killed an ogre
  2922 | D:4      | Noticed Menkaure
  2928 | D:4      | Killed Menkaure
  2928 | D:4      | Reached skill level 6 in Long Blades
  2928 | D:4      | Reached XP level 6. HP: 29/47 MP: 6/6
  3610 | D:4      | Reached skill level 7 in Long Blades
  3610 | D:4      | Gained mutation: When hurt, damage is shared between your health and your magic reserves. [demonic ancestry]
  3610 | D:4      | Reached XP level 7. HP: 52/52 MP: 7/7
  3647 | D:5      | Entered Level 5 of the Dungeon
  4266 | D:5      | Reached skill level 8 in Long Blades
  4472 | D:5      | Gained mutation: You have a pair of horns on your head. [demonic ancestry]
  4472 | D:5      | Reached XP level 8. HP: 50/58 MP: 6/8
  4653 | D:6      | Reached skill level 9 in Long Blades
  5135 | D:6      | Reached skill level 10 in Long Blades
  5525 | D:7      | Reached XP level 9. HP: 61/63 MP: 9/9
  5556 | D:7      | Reached skill level 11 in Long Blades
  6135 | D:7      | Found a staircase to the Ecumenical Temple.
  6202 | Temple   | Entered the Ecumenical Temple
  6292 | Temple   | Became a worshipper of Qazlal Stormbringer
  6322 | D:7      | Noticed a two-headed ogre
  6344 | D:7      | Killed a two-headed ogre
  6344 | D:7      | Reached skill level 12 in Long Blades
  6735 | D:7      | Gained mutation: You can translocate small distances at will. [mutagenic meat]
  6736 | D:7      | Gained mutation: You are weak. (Str -2) [mutagenic meat]
  6737 | D:7      | Gained mutation: You are robust. (+10% HP) [mutagenic meat]
  6738 | D:7      | Gained mutation: Your mind is acute. (Int +2) [mutagenic meat]
  6945 | D:8      | Noticed a two-headed ogre
  6952 | D:8      | Lost mutation: Your mind is acute. (Int +2) [potion of mutation]
  6952 | D:8      | Lost mutation: You can translocate small distances at will. [potion of mutation]
  6952 | D:8      | Lost mutation: You are weak. (Str -2) [potion of mutation]
  6952 | D:8      | Gained mutation: You possess an exceptional clarity of mind. [potion of mutation]
  6952 | D:8      | Gained mutation: Your system is resistant to poisons. (rPois) [potion of mutation]
  6958 | D:8      | Killed a two-headed ogre
  6958 | D:8      | Reached skill level 13 in Long Blades
  6958 | D:8      | Gained mutation: You regenerate magic rapidly. [demonic ancestry]
  6958 | D:8      | Reached XP level 10. HP: 34/77 MP: 5/10
  7259 | D:8      | Found a sacrificial altar of Ru.
  7264 | D:8      | Found a glowing golden altar of the Shining One.
  7265 | D:8      | Found a hazy altar of Hepliaklqana.
  7265 | D:8      | Found a basalt altar of Yredelemnul.
  7468 | D:8      | Reached * piety under Qazlal
  7526 | D:8      | Noticed Erica
  7547 | D:8      | Killed Erica
  7547 | D:8      | Reached skill level 14 in Long Blades
  7884 | D:8      | Found an ancient bone altar of Kikubaaqudgha.
  8297 | D:9      | Found a staircase to the Lair.
  8373 | D:10     | Entered Level 10 of the Dungeon
  8926 | D:10     | Reached ** piety under Qazlal
  9100 | D:10     | Gained mutation: You are partially covered in large bone plates. (SH +4) [demonic ancestry]
  9100 | D:10     | Reached XP level 11. HP: 50/82 MP: 9/11
  9355 | D:10     | Reached skill level 15 in Long Blades
  9488 | D:10     | Noticed Harold
  9517 | D:10     | Killed Harold
  9997 | D:11     | Noticed a brown ugly thing
 10005 | D:11     | Killed a brown ugly thing
 10204 | D:11     | Reached *** piety under Qazlal
 10457 | D:11     | Got a jewelled helmet
 10458 | D:11     | Identified the cursed +0 helmet of Card Tricks {+Fly Str-3 SInv} (You found it on level 11 of the Dungeon)
 10500 | D:11     | Reached skill level 16 in Long Blades
 10509 | D:11     | Reached skill level 1 in Evocations
 11104 | D:12     | Reached **** piety under Qazlal
 11417 | D:12     | Found a staircase to the Orcish Mines.
 12157 | D:13     | Noticed a centaur warrior
 12164 | D:13     | Killed a centaur warrior
 12217 | D:13     | Noticed a brown ugly thing
 12227 | D:13     | Killed a brown ugly thing
 12227 | D:13     | Gained mutation: You are mostly covered in large bone plates. (SH +6) [demonic ancestry]
 12227 | D:13     | Reached XP level 12. HP: 76/89 MP: 12/12
 12291 | D:13     | Gained mutation: Your spells are a little harder to cast, but a little more powerful. [mutagenic meat]
 12292 | D:13     | Gained mutation: Your skin changes colour to match your surroundings (Stealth+). [mutagenic meat]
 12293 | D:13     | Gained mutation: You are weak. (Str -2) [mutagenic meat]
 12312 | D:13     | Reached skill level 17 in Long Blades
 12549 | D:13     | Noticed a two-headed ogre
 12557 | D:13     | Killed a two-headed ogre
 12729 | D:13     | Noticed a centaur warrior
 12740 | D:13     | Killed a centaur warrior
 13068 | D:13     | Noticed a two-headed ogre
 13085 | D:13     | Killed a two-headed ogre
 13306 | D:13     | Got a faintly glowing hand crossbow
 13307 | D:13     | Identified the cursed +0 hand crossbow of the Dove {flame, -Tele rC+ Str+4 Int+4} (You found it on level 13 of the Dungeon)
 14301 | D:13     | Reached skill level 18 in Long Blades
 14478 | Orc:1    | Entered Level 1 of the Orcish Mines
 14483 | Orc:1    | Noticed a two-headed ogre
 14488 | Orc:1    | Noticed Erolcha
 14503 | D:12     | Cast into level 1 of the Abyss (Erolcha)
 14554 | Abyss:1  | Gained mutation: Scrolls take you a little longer to read. [a neqoxec]
 14560 | Abyss:1  | Gained mutation: You are very weak. (Str -4) [a neqoxec]
 14568 | Abyss:1  | Noticed a tentacled starspawn
 14591 | Abyss:1  | Killed a tentacled starspawn
 14596 | Abyss:1  | Demolished by a shadow

Skill      XL: |  1  2  3  4  5  6  7  8  9 10 11 12 |
---------------+-------------------------------------+-----
Long Blades    | 2 3 4 6 7 8 10 13 14 16 18 | 18.4
Evocations     | 1 |  1.2
Fighting       | |  3.0
Armour         | |  2.6
Shields        | |  2.6

Action                   |  1- 3 |  4- 6 |  7- 9 | 10-12 || total
-------------------------+-------+-------+-------+-------++-------
Melee: Long sword        |   124 |   113 |    88 |       ||   325
       Headbutt          |       |     9 |    53 |   147 ||   209
       Scimitar          |       |       |   168 |   617 ||   785
Evoke: Wand              |       |       |       |     1 ||     1
  Use: Potion            |     3 |     2 |     3 |     6 ||    14
       Scroll            |       |     2 |    13 |     9 ||    24
 Stab: Sleeping          |       |       |     1 |     3 ||     4
  Eat: Chunk             |     2 |     7 |    13 |    23 ||    45
       Fruit             |       |       |     2 |     4 ||     6
       Bread ration      |       |       |       |     1 ||     1
       Meat ration       |       |       |       |     1 ||     1
Armor: Scale mail        |    46 |    32 |    15 |       ||    93
       Skin              |       |     1 |       |       ||     1
       Leather armour    |       |       |    53 |    85 ||   138
Dodge: Dodged            |    32 |    20 |    47 |   100 ||   199
       Deflected         |       |       |       |     3 ||     3
Block: Shield            |    52 |    56 |    84 |   418 ||   610
       Reflection        |       |       |       |     5 ||     5
       Rpst.: Long sword |    12 |     8 |     2 |       ||    22
       Scimitar          |       |       |    10 |    20 ||    30
